 Dungeon Crawl Stone Soup version 0.31-a0-210-gccc998df9b (webtiles) character file.

Game seed: 3273349251254699493

70 qw the Shooter (level 4, 0/36 HPs)
             Began as a Minotaur Hexslinger on June 30, 2023.
             Slain by a cerulean imp
             ... wielding a +0 spear
             ... summoned by Natasha
              (3 damage)
             ... on level 4 of the Dungeon.
             The game lasted 00:00:43 (1720 turns).

qw the Shooter (Minotaur Hexslinger)                Turns: 1720, Time: 00:00:43

Health: 0/36       AC:  6    Str: 13    XL:     4   Next: 3%
Magic:  4/4        EV: 11    Int: 10    God:
Gold:   177        SH:  0    Dex: 14    Spells: 4/5 levels left

rFire   . . .        Y - +1 sling
rCold   . . .        (no shield)
rNeg    . . .        h - +0 ring mail
rPois   .            (helmet restricted)
rElec   .            c - +0 cloak
rCorr   .            (no gloves)
SInv    .            (no boots)
Will    .....        (no amulet)
Stlth   +            (no ring)
HPRegen 0.26/turn    (no ring)
MPRegen 0.09/turn

%: no passive effects
@: no status effects
A: horns 2, retaliatory headbutt
a: no special abilities


You were on level 4 of the Dungeon.
You visited 1 branch of the dungeon, and saw 4 of its levels.

You collected 177 gold pieces.


Innate Abilities, Weirdness & Mutations

You have a pair of horns on your head.
You reflexively headbutt those who attack you in melee.


   Skills:
 - Level 2.0 Fighting
 + Level 4.3 Ranged Weapons
 - Level 1.1 Armour
 - Level 2.1 Dodging
 - Level 1.0 Spellcasting
 - Level 2.0 Hexes


You had 4 spell levels left.
You knew the following spells:

 Your Spells              Type           Power      Damage    Failure   Level
a - Slow                  Hex            16%        N/A       32%         1

Your spell library contained the following spells:

 Spells                   Type           Power      Damage    Failure   Level
 Inner Flame              Hex/Fire       2%         N/A       82%         3
 Portal Projectile        Hex/Tloc       4%         N/A       82%         3
 Cause Fear               Hex            2%         N/A       97%         4

Inventory:

Hand Weapons
 Y - a +1 sling (weapon)
Armour
 c - a +0 cloak (worn)
 h - a +0 ring mail (worn)
Scrolls
 a - a scroll of teleportation {unknown}
 d - a scroll of identify
Potions
 e - a potion of resistance
 g - 4 potions of curing
 i - a potion of invisibility {unknown}
 j - a potion of heal wounds {unknown}

Dungeon Overview and Level Annotations

Branches:
Dungeon (4/15)
 Temple: D:4-7

Altars:
Hepliaklqana

Annotations:
D:4 Natasha


Message History

You shoot a sling bullet. The sling bullet hits the ball python!
You kill the ball python!
Natasha, Servant of Life and Death comes into view.
Natasha hisses angrily.
Natasha wildly gestures.
You feel troubled.
You shoot a sling bullet.
The sling bullet closely misses Natasha.
Natasha casts a spell at you. The magic dart hits you.
1710 ||| FLEEEEING.
Natasha mumbles some strange words.
1711 ||| FLEEEEING.
1712 ||| FLEEEEING.
1713 ||| FLEEEEING.
1714 ||| FLEEEEING.
You shoot a sling bullet. The sling bullet hits the cerulean imp.
The cerulean imp is lightly wounded.
Natasha stares at you and mumbles some strange words.
The magic dart hits you!
You shoot a sling bullet.
The sling bullet hits the cerulean imp but does no damage.
The cerulean imp is lightly wounded.
The cerulean imp hits you from afar with a +0 spear.
You shoot a sling bullet.
The sling bullet hits the cerulean imp but does no damage.
The cerulean imp is lightly wounded.
The cerulean imp hits you from afar with a +0 spear. x2
You shoot a sling bullet.
The sling bullet hits the cerulean imp but does no damage.
The cerulean imp is lightly wounded.
The cerulean imp hits you but does no damage.
Natasha claws you.
You shoot a sling bullet. The sling bullet barely misses Natasha.
The cerulean imp hits you from afar with a +0 spear.
Natasha closely misses you.
You shoot a sling bullet. The sling bullet hits Natasha.
Natasha is moderately wounded.
The cerulean imp hits you from afar with a +0 spear.
You die...

#.....## #####......#
#..........#####
#.######........
#########.# #...........
#......##/# #.#..<..####
#......##.# #.#.....#
#......##.# #.#.#.#.####
#.....h@..###.#.#.#.....
#....5.###....#.#)######
######......###....#....
........................
......##.######..)......
..... #..# #...#####.#
.... ....# #...# # .#.
#.#.# #...# .. .....
#####


You could see Natasha and a cerulean imp (summoned).

Vanquished Creatures
  An adder (D:3)
  5 orcs (D:3)
  10 ball pythons
  5 endoplasms
  3 giant cockroaches
  4 hobgoblins
  2 quokkas
  4 bats
  3 frilled lizards (D:2)
  3 goblins
  8 kobolds
  4 rats
  A spectral hobgoblin (D:1)
53 creatures vanquished.

Notes
Turn   | Place    | Note
-------+----------+-------------------------------------------
     0 | D:1      | qw the Minotaur Hexslinger began the quest for the Orb.
     0 | D:1      | Reached XP level 1. HP: 16/16 MP: 1/1
     0 | D:1      | 0 ||| qw: Version: 0.3-a-24-ga2abf7b
     0 | D:1      | 0 ||| qw: Game counter: 7148
     0 | D:1      | 0 ||| qw: Melee chars always use a shield: true
     0 | D:1      | 0 ||| qw: God list: Okawaru
     0 | D:1      | 0 ||| qw: Allow faded altars: false
     0 | D:1      | 0 ||| qw: Do Orc after clearing Dungeon:15 true
     0 | D:1      | 0 ||| qw: Do second Lair branch before Depths: true
     0 | D:1      | 0 ||| qw: Lair rune preference: random
     0 | D:1      | 0 ||| qw: Goals: Normal
     0 | D:1      | 0 ||| PLANNING D:1-11
   109 | D:1      | Found a faded altar of an unknown god.
   175 | D:1      | Reached skill level 3 in Ranged Weapons
   226 | D:1      | Reached XP level 2. HP: 23/23 MP: 2/2
   493 | D:1      | 493 ||| UPGRADING to +0 ring mail.
   503 | D:1      | 503 ||| DROPPING +0 robe.
   504 | D:1      | 504 ||| DROPPING +6 ring of intelligence.
   505 | D:1      | 505 ||| READING scroll labelled MELAUR YR RIS.
   506 | D:1      | 506 ||| READING scroll labelled PAAG CIOSIPP.
   507 | D:1      | 507 ||| READING scroll labelled JIMEGU IXUVEU.
   508 | D:1      | 508 ||| DRINKING 4 viscous dark potions.
   509 | D:1      | 509 ||| DROPPING scroll of poison.
   851 | D:2      | Reached XP level 3. HP: 29/29 MP: 3/3
  1199 | D:2      | 1199 ||| UPGRADING to +0 cloak.
  1204 | D:2      | 1204 ||| READING scroll labelled XITATY FOLI.
  1275 | D:3      | Reached skill level 4 in Ranged Weapons
  1297 | D:3      | Reached skill level 1 in Armour
  1579 | D:3      | Found a hazy altar of Hepliaklqana.
  1631 | D:3      | 1631 ||| READING scroll labelled LUG WIOHARELE.
  1632 | D:3      | 1632 ||| READING scroll labelled YSTATH RYITOMOU.
  1633 | D:3      | 1633 ||| READING 3 scrolls of identify.
  1633 | D:3      | 1633 ||| IDENTIFYING ruby potion
  1634 | D:3      | 1634 ||| READING 2 scrolls of identify.
  1634 | D:3      | 1634 ||| IDENTIFYING coppery potion
  1635 | D:3      | 1635 ||| DROPPING potion of lignification.
  1667 | D:4      | Reached XP level 4. HP: 36/36 MP: 4/4
  1708 | D:4      | Noticed Natasha
  1710 | D:4      | 1710 ||| FLEEEEING.
  1711 | D:4      | 1711 ||| FLEEEEING.
  1712 | D:4      | 1712 ||| FLEEEEING.
  1713 | D:4      | 1713 ||| FLEEEEING.
  1714 | D:4      | 1714 ||| FLEEEEING.
  1718 | D:4      | HP: 6/36 [Natasha (5)]
  1720 | D:4      | Slain by a cerulean imp

Levels and vault maps discovered:
D:1:      lightli_arrival_maybe_door_vault, layout_basic,
          dreamdust_ecumenical_altar_drowned_temple, nicolae_figureground_pulse
D:2:      layout_loops_ring, grunt_ministairs_3
D:3:      layout_basic, mainiacjoe_overflow_tiny_flanked
D:4:      layout_basic, minmay_temple_entry_glass, uniq_duvessa, uniq_natasha

Skill      XL: |  1  2  3 |
---------------+----------+-----
Ranged Weapons | 3 4 |  4.3
Fighting       | 2 |  2.0
Armour         | 1 |  1.1
Dodging        | |  2.1
Spellcasting   | |  1.0
Hexes          | |  2.0

Action                     |  1- 3 |  4- 6 || total
---------------------------+-------+-------++-------
   Fire: Sling             |   127 |     9 ||   136
    Use: Scroll            |     8 |       ||     8
         Potion            |     1 |       ||     1
 Armour: Robe              |     2 |       ||     2
         Ring mail         |    10 |     1 ||    11
  Dodge: Dodged            |    15 |     1 ||    16

Table legend:
 A = Non-vault XP
 B = Vault XP
 C = Vault XP percentage of total XP
 D = Non-vault monster count
 E = Vault monster count
 F = Vault count percentage of total count
                 A         B        C        D         E       F
            +---------+---------+-------+---------+---------+-------
      Total |      96 |       4 |   4.0 |      50 |       3 |   5.7
            +---------+---------+-------+---------+---------+-------
        D:1 |      26 |       1 |   3.7 |      16 |       1 |   5.9
        D:2 |      21 |       3 |  12.5 |      15 |       2 |  11.8
        D:3 |      45 |       0 |   0.0 |      17 |       0 |   0.0
        D:4 |       4 |       0 |   0.0 |       2 |       0 |   0.0
            +---------+---------+-------+---------+---------+-------
